 Dungeon Crawl Stone Soup version 0.25.1-2-g60ff931 (webtiles) character file.

Game seed: 9803389980864624115

213400 Inchmeat the Warrior (level 18, -15/180 HPs)
             Began as a Hill Orc Gladiator on Aug 16, 2020.
             Was the Champion of the Shining One.
             Demolished by a shambling mangrove (17 damage)
             ... on level 4 of the Swamp.
             The game lasted 01:06:39 (54393 turns).

Inchmeat the Warrior (Hill Orc Gladiator)          Turns: 54393, Time: 01:06:41

Health: -15/180    AC: 23    Str: 30    XL:     18   Next: 95%
Magic:  27/27      EV:  6    Int: 15    God:    the Shining One [******]
Gold:   1277       SH:  5    Dex: 12    Spells: 17/17 levels left

rFire    . . .     SeeInvis .   g - +1 scimitar (flame)
rCold    + . .     Gourm    .   (no shield)
rNeg     + + +     Faith    .   F - +2 plate armour {rC+}
rPois    +         Spirit   .   c - +0 helmet
rElec    .         Reflect  +   G - +0 cloak
rCorr    +         Harm     .   r - +1 pair of gloves
MR       +....     Rnd*Tele +   (no boots)
Stlth    ..........             R - amulet of Haippuc {Reflect rPois Str+6 SH+5}
HPRegen  0.40/turn              u - +6 ring of intelligence
MPRegen  0.20/turn              K - ring of resist corrosion

@: lethally poisoned (-15 -> -18), grasped by roots, very slightly contaminated,
glowing, constricted
A: claws 1, teleportitis 1
}: 1/15 runes: gossamer
a: Divine Shield, Cleansing Flame, Summon Divine Warrior, Brand Weapon With Holy
Wrath, Renounce Religion


You were on level 4 of the Swamp.
You worshipped the Shining One.
The Shining One was exalted by your worship.
You were not hungry.

You visited 6 branches of the dungeon, and saw 32 of its levels.

You collected 2666 gold pieces.
You spent 1389 gold pieces at shops.

Inventory:

Hand Weapons
 g - a +1 scimitar of flaming (weapon)
 i - a +3 vorpal arbalest
 s - a +2 battleaxe of freezing
 I - a +4 battleaxe of venom
 N - a cursed -1 eveningstar
Missiles
 w - a throwing net (quivered)
 D - 78 bolts
Armour
 c - a +0 helmet (worn)
 r - a +1 pair of gloves (worn)
 y - +0 shadow dragon scales
 F - a +2 plate armour of cold resistance (worn)
 G - a +0 cloak (worn)
Jewellery
 b - an uncursed amulet of the acrobat
 u - a +6 ring of intelligence (left hand)
 C - an uncursed ring of ice {unknown}
 J - an uncursed ring of fire
 K - a ring of resist corrosion (right hand)
 R - the amulet of Haippuc (around neck) {Reflect rPois Str+6 SH+5}
   (You found it on level 6 of the Lair of Beasts)

   [amulet of reflection]

   It shields you and reflects attacks.
   It affects your strength (+6).
   It protects you from poison.
   It affects your SH (+5).
Wands
 d - a wand of iceblast (11)
 t - a wand of digging (15)
 x - a wand of paralysis (14)
 A - a wand of flame (14)
 L - a wand of acid (13)
 Q - a wand of enslavement (10)
Scrolls
 a - a scroll of summoning
 e - 13 scrolls of remove curse {@r2}
 h - 18 scrolls of teleportation
 l - 6 scrolls of identify {@r1}
 n - 2 scrolls of enchant armour
 p - 5 scrolls of fog
 v - 2 scrolls of blinking
 z - 4 scrolls of amnesia
 B - 4 scrolls of magic mapping
 M - a scroll of holy word
 O - a scroll of random uselessness
 S - 2 scrolls of enchant weapon
 T - a scroll of fear
Potions
 j - 5 potions of ambrosia
 k - 3 potions of curing {@q1}
 m - 4 potions of lignification
 o - a potion of brilliance
 q - 5 potions of haste
 E - a potion of berserk rage
 H - 2 potions of cancellation
 P - 3 potions of magic
Comestibles
 f - 41 rations


   Skills:
 * Level 20.5 Fighting
 - Level 20.0 Axes
 - Level 18.0 Crossbows
 - Level 1.7 Throwing
 + Level 12.3 Armour
 - Level 2.4 Dodging
 - Level 12.0 Invocations


You had 17 spell levels left.
You didn't know any spells.
Your spell library contained the following spells:

 Spells                   Type           Power        Failure   Level  Hunger
 Animate Skeleton         Necr           N/A          86%         1    ##.....
 Apportation              Tloc           #.....       86%         1    ##.....
 Corona                   Hex            #......      86%         1    ##.....
 Infusion                 Chrm           #...         86%         1    ##.....
 Summon Small Mammal      Summ           #...         86%         1    ##.....
 Call Imp                 Summ           #.......     95%         2    ###....
 Ensorcelled Hibernation  Hex/Ice        #.....       95%         2    ###....
 Shroud of Golubria       Chrm/Tloc      #.....       95%         2    ###....
 Song of Slaying          Chrm           #.......     95%         2    ###....
 Call Canine Familiar     Summ           #.......     99%         3    ####...
 Confusing Touch          Hex            #.......     99%         3    ####...
 Dazzling Flash           Conj/Hex       #.....       99%         3    ####...
 Ozocubu's Armour         Chrm/Ice       #.......     99%         3    ####...
 Spectral Weapon          Hex/Chrm       #.......     99%         3    ####...
 Summon Guardian Golem    Hex/Summ       #.......     99%         3    ####...
 Tukima's Dance           Hex            #.......     99%         3    ####...
 Leda's Liquefaction      Hex/Erth       #.........   100%        4    #####..
 Summon Ice Beast         Ice/Summ       #.......     100%        4    #####..
 Summon Lightning Spire   Summ/Air       #.......     100%        4    #####..
 Bolt of Magma            Conj/Fire/Erth #.........   100%        5    ######.
 Iskenderun's Battlesphe  Conj/Chrm      #.......     100%        5    ######.
 Silence                  Hex/Air        #.........   100%        5    ######.
 Conjure Ball Lightning   Conj/Air       #.........   100%        6    #######
 Iron Shot                Conj/Erth      #.........   100%        6    #######
 Statue Form              Tmut/Erth      #........    100%        6    #######
 Orb of Destruction       Conj           #.........   100%        7    #######
 Spellforged Servitor     Conj/Summ      #.........   100%        7    #######
 Shatter                  Erth           #.........   100%        9    #######
 Tornado                  Air            #.........   100%        9    #######


Dungeon Overview and Level Annotations

Branches:
Dungeon (15/15)            Temple (1/1) D:7            Lair (6/6) D:10
  Swamp (4/4) Lair:3       Spider (4/4) Lair:3        Slime (0/5) Lair:6
    Orc (2/2) D:9             Elf (0/3) Orc:2        Vaults (0/5) D:13
 Depths (0/5) D:15

Altars:
Ashenzari
Cheibriados
Dithmenos
Elyvilon
Fedhas
Gozag
Hepliaklqana
Kikubaaqudgha
Makhleb
Nemelex Xobeh
Okawaru
Qazlal
Ru
Sif Muna
Trog
Uskayaw
Vehumet
Wu Jian
Xom
Yredelemnul
Zin
The Shining One
Jiyva

Shops:
D:12 ?   Orc:2 %(?%

Annotations:
D:13 Th3D0ct0rWh0's ghost, journeyman GrFi
Swamp:1 1 transporter


Innate Abilities, Weirdness & Mutations

You have sharp fingernails.
You are occasionally teleported next to monsters.


Message History

Blink ta where?
Press: ? - help, Dir - move target cursor Ye be very lightly contaminated wit' residual magic.
As ye read tha scroll o' blinkin', it crumbles ta dust.
Ye kill tha rime drake!
Tha swamp dragon breathas poison at ye.
Tha blast o' poison 'ngulfs ye but does nay damage.
Ye be leth'lly poison'd!
Ye resist.
Ye hear a deafenin' roar!
Blink ta where?
Press: ? - help, Dir - move target cursor As ye read tha scroll o' blinkin', it crumbles ta dust.
A slime creature an' a shamblin' mangrove come inta view.
* * * LOW HITPOINT WARNIN'
* * * Ye feel sick.
Tha slime creature quivers.
Roots burst forth from tha earth!
Tha graspin' roots grab ye!
Ye die...

♣≈...≈ ♣♣...≈
♣.≈..≈ ♣.≈≈.
♣.≈≈. ♣.≈.♣
♣♣♣♣≈≈♣
♣≈(≈≈@♣♣♣.
♣≈.≈≈≈.≈....f
♣♣≈≈≈(.≈≈.##.
♣.(≈(≈..≈#♣
♣♣☼(..≈((♣#
♣☼☼☼(.(≈♣#
♣○☼☼≈(≈##
♣○○○..≈♣
♣§(D(♣≈♣#


You could see a shambling mangrove.

Vanquished Creatures
  Nikola (Spider:1)
  Arachne (Spider:4)
  Rupert (Lair:5)
  A thorn hunter (Swamp:2)
  A frost giant (D:13)
  3 ghost moths
  8 emperor scorpions
  6 entropy weavers
  Azrael (D:14)
  The ghost of jr88keys the Bludgeoner, a journeyman MiBe of Trog (Lair:3)
  2 spark wasps
  16 hydras
  A rakshasa (D:15)
  A ghost crab (Swamp:4)
  2 vault guards (D:13)
  Harold (Lair:1)
  4 centaur warriors
  6 death yaks
  A shambling mangrove (Swamp:2)
  An ogre mage (D:15)
  4 alligators
  5 tengu warriors
  8 two-headed ogres
  An orc high priest (Orc:2)
  Nergalle (Lair:2)
  A fire crab (shapeshifter) (D:13)
  A fire crab (Lair:6)
  Pikel (D:8)
  An unseen horror (D:13)
  A spriggan druid (Swamp:4)
  4 swamp dragons
  5 wizards
  3 orc knights
  54 wolf spiders
  3 necromancers
  18 orb spiders
  8 orc sorcerers
  2 deep elf magi
  6 cyclopes
  2 manticores
  15 elephants
  4 moths of wrath
  5 ugly things (D:15)
  5 centaur zombies
  Maurice (D:11)
  A naga mage (D:15)
  16 spiny frogs
  3 centaur skeletons
  3 gargoyles
  2 black mambas
  A torpor snail (Spider:1)
  A kobold demonologist (D:11)
  An efreet (D:15)
  6 rime drakes
  16 demonic crawlers
  11 komodo dragons
  2 tengu conjurers (D:15)
  A redback zombie (D:15)
  A queen bee (Lair:4)
  5 trolls
  16 hornets
  30 jumping spiders
  6 meliai
  4 polar bears
  A tyrant leech (Swamp:4)
  Grinder (D:3)
  A harpy skeleton (D:14)
  8 hippogriffs
  34 blink frogs
  16 dream sheep
  19 slime creatures
  A bog body (Swamp:2)
  3 shadows
  63 redbacks
  14 spriggans
  2 wyverns
  4 wraiths
  3 basilisks
  31 yaks
  A human (shapeshifter) (D:13)
  29 tarantellas
  Grum (Lair:1)
  5 hungry ghosts
  3 fire elementals (D:14)
  A steam dragon (D:7)
  20 humans
  6 insubstantial wisps (Swamp:2)
  8 swamp worms
  A soldier ant (D:13)
  11 water moccasins
  5 hell hounds (D:14)
  Duvessa (D:7)
  9 porcupines
  43 orc warriors
  4 swamp drakes
  3 sky beasts
  A hornet zombie (D:14)
  6 ice beasts
  2 slaves (D:8)
  A necrophage (D:10)
  15 ogres
  6 black bears
  18 wolves
  3 eyes of draining
  3 boggarts (Lair:6)
  4 phantoms
  13 crocodiles
  19 centaurs
  8 big kobolds
  11 bullfrogs
  Dowan (D:7)
  A spiny frog simulacrum (Lair:3)
  3 troll zombies (D:9)
  A water moccasin skeleton (D:6)
  5 scorpions
  An elephant simulacrum (Lair:3)
  20 killer bees (Lair:4)
  5 wights (D:8)
  7 howler monkeys
  An electric eel (Lair:6)
  A rime drake simulacrum (Lair:3)
  3 bullfrog zombies
  12 crimson imps
  A lava snake (D:14)
  A hippogriff simulacrum (Lair:3)
  2 quasits
  7 bullfrog skeletons
  7 jellies
  9 hounds
  A gnoll shaman (D:6)
  49 orc priests
  48 orc wizards
  5 iguanas
  17 worker ants
  5 polar bear simulacra (Lair:2)
  4 yak simulacra
  A wolf simulacrum (Lair:2)
  5 ogre zombies (D:9)
  A basilisk simulacrum (Lair:3)
  A howler monkey skeleton (D:10)
  A worker ant zombie (D:6)
  13 gnolls
  12 adders
  A crocodile simulacrum (Lair:3)
  3 shadow imps
  3 adder skeletons
  2 worms
  4 dart slugs (D:1)
  4 leopard geckos
  137 orcs
  4 giant cockroaches
  4 goblins
  12 hobgoblins
  18 jackals
  27 kobolds
  8 quokkas
  3 ball pythons
  7 bats
  5 frilled lizards
  A goblin skeleton (D:9)
  A goblin zombie (D:9)
  A hobgoblin skeleton (D:9)
  2 hobgoblin zombies (D:9)
  A jackal zombie (D:5)
  2 leopard gecko skeletons
  A leopard gecko zombie (D:6)
  3 orc skeletons (D:9)
  17 orc zombies (D:9)
  3 quokka zombies
  7 rats
  2 river rat simulacra (Lair:2)
  5 fungi
  6 plants
1351 creatures vanquished.

Vanquished Creatures (collateral kills)
  Josephine (D:11)
  Urug (D:11)
  An orc knight (D:13)
  2 elephants (Lair:6)
  A cyclops (D:13)
  3 wraiths (D:11)
  A big kobold (D:11)
  An iguana (D:11)
  A kobold (D:11)
12 creatures vanquished.

Vanquished Creatures (others)
  A redback (Spider:4)
  A slave (D:8)
  A bullfrog (D:10)
  An orc wizard (D:14)
  A centaur skeleton (D:8)
  An adder (D:10)
  2 orcs
  12 fungi
  3 plants
23 creatures vanquished.

Grand Total: 1386 creatures vanquished

Notes
Turn   | Place    | Note
-------+----------+-------------------------------------------
     0 | D:1      | Inchmeat the Hill Orc Gladiator began the quest for the
                  | Orb.
     0 | D:1      | Reached XP level 1. HP: 18/18 MP: 1/1
    80 | D:1      | Reached XP level 2. HP: 13/25 MP: 2/2
   388 | D:1      | Reached skill level 5 in Axes
   738 | D:1      | Reached XP level 3. HP: 30/30 MP: 3/3
  1416 | D:2      | Found an ornate altar of the Wu Jian Council.
  1418 | D:2      | Found a shimmering blue altar of Sif Muna.
  1859 | D:2      | Reached XP level 4. HP: 32/37 MP: 4/4
  1985 | D:2      | Found an ancient bone altar of Kikubaaqudgha.
  2690 | D:2      | Reached XP level 5. HP: 33/42 MP: 5/5
  2825 | D:3      | Noticed Grinder
  3170 | D:3      | Noticed an orc warrior
  3453 | D:2      | Killed an orc warrior
  3453 | D:2      | Reached XP level 6. HP: 29/50 MP: 6/6
  4103 | D:3      | Paralysed by Grinder for 5 turns
  4116 | D:3      | Killed Grinder
  4116 | D:3      | Reached skill level 10 in Axes
  4116 | D:3      | Reached XP level 7. HP: 28/56 MP: 7/7
  4935 | D:4      | Reached XP level 8. HP: 56/62 MP: 8/8
  5201 | D:4      | Found an iron altar of Okawaru.
  5607 | D:5      | Entered Level 5 of the Dungeon
  5618 | D:5      | Found a shadowy altar of Dithmenos.
  6854 | D:6      | Reached XP level 9. HP: 49/68 MP: 9/9
  7414 | D:6      | Found a hide-covered altar of Uskayaw.
  7500 | D:6      | Reached skill level 15 in Axes
  7772 | D:6      | Found a sacrificial altar of Ru.
  8369 | D:7      | Found a snail-covered altar of Cheibriados.
  8599 | D:7      | Noticed Duvessa
  8600 | D:7      | Noticed Dowan
  8604 | D:7      | Killed Duvessa
  8609 | D:7      | Killed Dowan
  8889 | D:7      | Found a staircase to the Ecumenical Temple.
  8981 | D:7      | Noticed a wizard
  9185 | D:7      | Killed a wizard
  9185 | D:7      | Reached XP level 10. HP: 78/84 MP: 10/10
  9615 | Temple   | Entered the Ecumenical Temple
  9650 | Temple   | Became a worshipper of the Shining One
 10505 | D:8      | Noticed Pikel
 10533 | D:8      | Killed Pikel
 10533 | D:8      | Reached skill level 10 in Fighting
 10562 | D:8      | Reached * piety under the Shining One
 11408 | D:9      | Reached ** piety under the Shining One
 11441 | D:9      | Reached *** piety under the Shining One
 11442 | D:9      | Found a staircase to the Orcish Mines.
 11581 | D:9      | Found a sparkling altar of Nemelex Xobeh.
 11701 | D:9      | Found a hazy altar of Hepliaklqana.
 11778 | D:9      | Reached **** piety under the Shining One
 11918 | D:9      | Reached XP level 11. HP: 91/104 MP: 10/12
 12008 | D:9      | Noticed a two-headed ogre
 12017 | D:9      | Killed a two-headed ogre
 12017 | D:9      | Reached skill level 5 in Invocations
 12143 | D:9      | Found a burning altar of Makhleb.
 12143 | D:9      | Found a glowing silver altar of Zin.
 12144 | D:9      | Noticed an angel
 12144 | D:9      | Noticed a green death
 12499 | D:9      | Found a radiant altar of Vehumet.
 12637 | D:10     | Entered Level 10 of the Dungeon
 12933 | D:10     | Reached ***** piety under the Shining One
 13093 | D:10     | Noticed a deep elf mage
 13101 | D:10     | Killed a deep elf mage
 13650 | D:10     | Found a staircase to the Lair.
 14159 | D:10     | Reached skill level 10 in Invocations
 14636 | D:11     | Noticed Maurice
 14663 | D:11     | Killed Maurice
 15158 | D:11     | Reached skill level 1 in Armour
 15159 | D:11     | Noticed Urug
 15573 | D:11     | Reached XP level 12. HP: 111/112 MP: 21/21
 15860 | D:11     | Noticed Josephine
 15862 | D:11     | Identified the +4 tower shield of Vyret {*Contam rElec rN++
                  | rCorr}
 15867 | D:11     | Killed Urug
 15871 | D:11     | Killed Josephine
 16584 | D:12     | Found Sodwym's Magic Scroll Shop.
 16591 | D:12     | Bought a scroll of acquirement for 572 gold pieces
 16591 | D:12     | Acquired a +3 battleaxe of venom
 18073 | Orc:1    | Entered Level 1 of the Orcish Mines
 18123 | Orc:2    | Entered Level 2 of the Orcish Mines
 18544 | Orc:2    | Found a staircase to the Elven Halls.
 18811 | Orc:1    | Found a shimmering altar of Xom.
 20161 | Orc:1    | Reached XP level 13. HP: 84/122 MP: 22/22
 20632 | Orc:2    | Paralysed by an orc sorcerer for 4 turns
 20752 | Orc:2    | Paralysed by an orc sorcerer for 6 turns
 21159 | Orc:2    | Found Sauxaf's Magic Scroll Shoppe.
 21159 | Orc:2    | Found Xoczad's Food Emporium.
 21160 | Orc:2    | Found Qusupsen's Antique Weapon Emporium.
 21163 | Orc:2    | Found Nivucay's Food Shoppe.
 21672 | Orc:2    | Bought a scroll of teleportation for 45 gold pieces
 21672 | Orc:2    | Bought a scroll of teleportation for 45 gold pieces
 21672 | Orc:2    | Bought a scroll of teleportation for 45 gold pieces
 21806 | D:12     | Bought a scroll of fog for 22 gold pieces
 21806 | D:12     | Bought a scroll of acquirement for 572 gold pieces
 21806 | D:12     | Bought a scroll of teleportation for 33 gold pieces
 21806 | D:12     | Bought a scroll of teleportation for 33 gold pieces
 21806 | D:12     | Bought a scroll of identify for 22 gold pieces
 21806 | D:12     | Acquired a manual of Crossbows
 21907 | D:13     | Reached ****** piety under the Shining One
 22269 | D:13     | Found a runed translucent gate.
 22273 | D:13     | Found a runed translucent gate.
 22273 | D:13     | Found a runed translucent gate.
 23061 | D:13     | Noticed a frost giant
 23064 | D:13     | Noticed Th3D0ct0rWh0's ghost (journeyman GrFi)
 23065 | D:13     | Reached skill level 5 in Armour
 23071 | D:13     | Noticed a vault guard
 23087 | D:13     | Killed a vault guard
 23193 | D:13     | Noticed a vault guard
 23221 | D:13     | Killed a vault guard
 23489 | D:13     | Found a gate to the Vaults.
 24062 | D:13     | Reached XP level 14. HP: 133/133 MP: 23/23
 24202 | D:14     | Reached skill level 15 in Fighting
 25370 | D:14     | Noticed Azrael
 25397 | D:14     | Killed Azrael
 26355 | D:15     | Entered Level 15 of the Dungeon
 27738 | D:14     | Gained mutation: You occasionally shout uncontrollably at
                  | your foes. [potion of mutation]
 27738 | D:14     | Gained mutation: You have large cloven feet. [potion of
                  | mutation]
 27905 | D:15     | Paralysed by a wizard for 4 turns
 28628 | D:15     | Found a staircase to the Depths.
 28786 | D:15     | Reached XP level 15. HP: 147/147 MP: 24/24
 28900 | D:15     | Found a white marble altar of Elyvilon.
 29907 | D:13     | Killed a frost giant
 29907 | D:13     | Reached skill level 1 in Crossbows
 29907 | D:13     | Reached skill level 10 in Armour
 30415 | Lair:1   | Entered Level 1 of the Lair of Beasts
 30641 | Lair:1   | Noticed Harold
 30652 | Lair:1   | Killed Harold
 30826 | Lair:1   | Noticed Grum
 30905 | Lair:1   | Killed Grum
 32634 | Lair:2   | Reached skill level 5 in Crossbows
 32790 | Lair:2   | Noticed Nergalle
 32805 | Lair:2   | Killed Nergalle
 33406 | Lair:3   | Found a runed translucent gate.
 33406 | Lair:3   | Found a runed translucent gate.
 33406 | Lair:3   | Found a runed translucent gate.
 33428 | Lair:3   | Noticed jr88keys's ghost (journeyman MiBe)
 33449 | Lair:3   | Killed jr88keys's ghost
 33824 | Lair:3   | Found a hole to the Spider Nest.
 35017 | Lair:3   | Found a staircase to the Swamp.
 35204 | Lair:4   | Reached skill level 10 in Crossbows
 36799 | Lair:5   | Reached XP level 16. HP: 159/159 MP: 25/25
 38122 | Lair:5   | Noticed Rupert
 38155 | Lair:5   | Killed Rupert
 38599 | Lair:6   | Entered Level 6 of the Lair of Beasts
 40259 | Lair:6   | Paralysed by a hornet for 3 turns
 40841 | Lair:6   | Found a viscous altar of Jiyva.
 40841 | Lair:6   | Found a staircase to the Slime Pits.
 40946 | Lair:6   | Got a sparkling platinum amulet
 41486 | Lair:6   | Identified the amulet of Haippuc {Reflect rPois Str+6 SH+5}
                  | (You found it on level 6 of the Lair of Beasts)
 41560 | Spider:1 | Entered Level 1 of the Spider Nest
 41594 | Spider:1 | Reached skill level 15 in Crossbows
 41615 | Spider:1 | Noticed Nikola
 41630 | Spider:1 | Killed Nikola
 41770 | Spider:1 | Reached XP level 17. HP: 56/166 MP: 26/26
 49079 | Spider:3 | Lost mutation: You have large cloven feet. [potion of
                  | mutation]
 49079 | Spider:3 | Lost mutation: You occasionally shout uncontrollably at
                  | your foes. [potion of mutation]
 49079 | Spider:3 | Gained mutation: You are occasionally teleported next to
                  | monsters. [potion of mutation]
 49079 | Spider:3 | Gained mutation: You have sharp fingernails. [potion of
                  | mutation]
 49235 | Spider:4 | Entered Level 4 of the Spider Nest
 49350 | Spider:4 | Reached XP level 18. HP: 155/173 MP: 27/27
 51295 | Spider:4 | Noticed Arachne
 51356 | Spider:4 | Killed Arachne
 52270 | Spider:4 | Got a gossamer rune of Zot
 52919 | Swamp:1  | Entered Level 1 of the Swamp
 52926 | Swamp:1  | Found a transporter.
 54067 | Swamp:4  | Entered Level 4 of the Swamp
 54391 | Swamp:4  | HP: 7/180 [eight-headed hydra (8)]
 54391 | Swamp:4  | HP: 2/180 [eight-headed hydra (5)]
 54393 | Swamp:4  | Demolished by a shambling mangrove

Illustrated notes

Levels and vault maps discovered:
D:1:      dpeg_arrival_pits, layout_basic, fountainhead
D:2:      layout_basic, lemuel_coloured_pillars_altar,
          grunt_temple_overflow_open, first_ration
D:3:      layout_rooms, st_stairs_6, uniq_grinder
D:4:      cheibrodos_thug_alley, layout_loops_ring, hex_large,
          okawaru_gym_becter
D:5:      layout_loops_ring, nicolae_dithmenos_the_darkroom
D:6:      layout_loops_ring, old_standard_altar, nicolae_ru_the_path_less_chosen
D:7:      cheibrodos_wizards_tower, layout_loops_ring, kennysheep_mini_moat,
          temple_statues, uniq_duvessa
D:8:      layout_layer_cave, uniq_pikel
D:9:      layout_loops_corners, grunt_temple_overflow_order_and_chaos_2,
          marbit_many_paths, kennysheep_little_box,
          nemelex_xobeh_ov_fountains_minmay, zombieorc2_lemuel
D:10:     layout_loops_ring, dpeg_oklobed_lair, hangedman_stone_soup,
          minmay_joined_circles
D:11:     layout_long_grid, special_room [special_room_kobold], serial_glass,
          glass_columns_a, glass_columns_b, uniq_maurice, uniq_josephine,
          uniq_urug
D:12:     layout_long_grid, serial_shops, shop_statue, grunt_decor_fettered
D:13:     layout_basic, grunt_vaults_entry_tiered, gammafunk_ghost_split
D:14:     layout_stronghold, kennysheep_pointless_box, uniq_azrael
D:15:     grunt_enter_depths_magical_seal, layout_basic, hex_tiny, basic_altar
Temple:   minmay_temple_bridge_abc
Lair:1:   wander_river, layout_gridlike, fungi_pond_lemuel,
          minmay_stone_trees_small, st_stairs_8, patterned_corridor,
          uniq_harold, uniq_grum
Lair:2:   layout_loops_ring, nicolae_quartered_pool_super,
          eino_house_with_fridge, uniq_nergalle
Lair:3:   layout_chaotic_city, palyth_hydra_swamp_entry,
          spider_nest_entry_web_field, gammafunk_ghost_icy, ldierk_geyser,
          lemuel_fruit_tree
Lair:4:   layout_cave_pods, special_room [special_room_bee]
Lair:5:   layout_regular_city, uniq_rupert
Lair:6:   minmay_lair_end_enchanted_forest, layout_gridlike, slime_altar_1,
          grunt_megastairs_2
Swamp:1:  gammafunk_worm_tunnel, layout_basic_swamp,
          nicolae_swamp_dense_foliage, uniq_aizul
Swamp:2:  layout_basic_swamp, infiniplex_staircase_pool_2
Swamp:3:  layout_basic_swamp, evilmike_swamp_ruin_rubble_1, swamp_pool2
Swamp:4:  swamp_alternative, layout_basic_swamp, swamp_pool3, ldierk_geyser,
          nicolae_swamp_alligator_family, infiniplex_staircase_pool
Spider:1: layout_chambers, uniq_nikola
Spider:2: layout_spider_delve
Spider:3: layout_spider_delve, special_room
Spider:4: johnstein_spider_rune_arachne_lair
Orc:1:    layout_diamond_mine, basic_altar
Orc:2:    st_orc_mages, layout_diamond_mine

Skill      XL: |  1  2  3  4  5  6  7  8  9 10 11 12 13 14 15 16 17 18 |
---------------+-------------------------------------------------------+-----
Axes           | 5 6 7 9 10 11 14 16 18 20 | 20.0
Fighting       | 6 12 13 14 17 18 20 | 20.5
Invocations    | 2 12 | 12.0
Armour         | 1 3 6 9 10 12 | 12.3
Crossbows      | 11 15 17 18 | 18.0
Throwing       | |  1.7
Dodging        | |  2.4

Action                   |  1- 3 |  4- 6 |  7- 9 | 10-12 | 13-15 | 16-18 || total
-------------------------+-------+-------+-------+-------+-------+-------++-------
Melee: War axe           |    83 |   115 |   354 |   561 |       |       ||  1113
       Morningstar       |       |       |     4 |       |     8 |       ||    12
       Battleaxe         |       |       |       |   211 |   848 |   580 ||  1639
       Kick              |       |       |       |       |   145 |   132 ||   277
       Scimitar          |       |       |       |       |    35 |    24 ||    59
 Fire: Arbalest          |       |       |       |       |   104 |   573 ||   677
Throw: Throwing net      |       |     3 |     1 |       |       |       ||     4
Invok: Divine Shield     |       |       |       |     1 |     1 |     2 ||     4
       Summon Divine War |       |       |       |     2 |     1 |     1 ||     4
       Cleansing Flame   |       |       |       |     1 |       |     3 ||     4
Evoke: Wand              |       |       |     2 |     8 |    17 |     4 ||    31
  Use: Scroll            |       |     6 |     2 |    14 |     8 |    16 ||    46
       Potion            |       |       |       |     4 |     8 |    11 ||    23
 Stab: Held in net/web   |       |     1 |       |       |       |       ||     1
  Eat: Chunk             |     3 |     7 |    12 |    27 |    27 |    14 ||    90
       Ration            |       |       |     1 |     4 |     8 |    12 ||    25
Armor: Leather armour    |    24 |    16 |       |       |       |       ||    40
       Scale mail        |       |    11 |       |       |       |       ||    11
       Chain mail        |       |    14 |   113 |    12 |       |       ||   139
       Plate armour      |       |       |       |   261 |   606 |   636 ||  1503
       Shadow dragon sca |       |       |       |       |       |   179 ||   179
Dodge: Dodged            |    57 |    87 |   148 |   291 |   463 |   468 ||  1514
Block: Other             |       |       |       |     5 |     9 |   181 ||   195
       Rpst.: Scimitar   |       |       |       |       |     5 |     3 ||     8
